 Dungeon Crawl Stone Soup version 0.24.0-125-gc4c63601f3 (webtiles) character file.

Game seed: 14422278975259079049, levelgen mode: deterministic

3255 Peloso the Carver (level 9, -2/71 HPs)
             Began as a Minotaur Fighter on Mar 14, 2020.
             Was a Follower of Okawaru.
             Killed by divine providence
             ... invoked by an orc priest
              (11 damage)
             ... on level 7 of the Dungeon.
             The game lasted 00:17:29 (7205 turns).

Peloso the Carver (Minotaur Fighter)                Turns: 7205, Time: 00:17:30

Health: -2/71      AC: 12    Str: 22    XL:     9   Next: 67%
Magic:  6/8        EV: 12    Int: 10    God:    Okawaru [*.....]
Gold:   431        SH: 14    Dex: 14    Spells: 8/8 levels left

rFire    + . .     SeeInvis .   a - +0 long sword
rCold    . . .     Gourm    .   c - +0 shield
rNeg     . . .     Faith    .   o - +0 chain mail
rPois    .         Spirit   .   (helmet restricted)
rElec    .         Reflect  .   (no cloak)
rCorr    .         Harm     .   (no gloves)
MR       .....                  (no boots)
Stlth    +.........             r - amulet of regeneration
HPRegen  0.61/turn              m - ring of protection from fire
MPRegen  0.11/turn              (no ring)

@: brilliant, heroism
A: retaliatory headbutt, horns 2, camouflage 1, agile 1, frail 1
a: Heroism, Renounce Religion


You were on level 7 of the Dungeon.
You worshipped Okawaru.
Okawaru was aware of your devotion.
You were hungry.

You visited 2 branches of the dungeon, and saw 8 of its levels.

You collected 431 gold pieces.

Inventory:

Hand Weapons
 a - a +0 long sword (weapon)
 b - the +9 war axe of Contradiction {flame, +Fly}
   (You found it on level 4 of the Dungeon)

   It has been specially enchanted to burn those struck by it, causing extra
   injury to most foes and up to half again as much damage against particularly
   susceptible opponents.
   Big, fiery blades are also staple armaments of hydra-hunters.
   It lets you fly.
Armour
 c - a +0 shield (worn)
 o - a +0 chain mail (worn)
Jewellery
 m - a ring of protection from fire (left hand)
 r - an amulet of regeneration (around neck)
Wands
 s - a wand of iceblast (1)
 v - a wand of random effects (17)
Scrolls
 e - a scroll of teleportation {unknown}
 g - 9 scrolls of identify
 h - 2 scrolls of blinking {unknown}
 i - 3 scrolls of remove curse {unknown}
 j - a scroll of noise {unknown}
 k - 2 scrolls of enchant weapon {unknown}
 l - 3 scrolls of enchant armour {unknown}
 n - a scroll of fear {unknown}
 q - a scroll of immolation {unknown}
 t - a scroll of magic mapping {unknown}
Potions
 d - 2 potions of might
 p - a potion of flight
 w - a potion of berserk rage
Comestibles
 f - 12 rations


   Skills:
 + Level 7.3(12.3) Fighting
 + Level 9.9(14.9) Long Blades
 + Level 8.1(13.1) Armour
 + Level 2.8(7.8) Dodging
 + Level 0.3(5.3) Stealth
 + Level 9.2(14.2) Shields
 + Level 0.2 Evocations


You had 8 spell levels left.
You didn't know any spells.
Your spell library contained the following spells:

 Spells                   Type           Power        Failure   Level  Hunger
 Magic Dart               Conj           #...         22%         1    ##.....
 Blink                    Tloc           N/A          30%         2    ###....
 Call Imp                 Summ           #.......     30%         2    ###....
 Slow                     Hex            #.......     30%         2    ###....
 Conjure Flame            Conj/Fire      #.......     50%         3    ####...
 Mephitic Cloud           Conj/Pois/Air  #.......     50%         3    ####...


Dungeon Overview and Level Annotations

Branches:
Dungeon (7/15)             Temple (1/1) D:7

Altars:
Cheibriados
Dithmenos
Fedhas
Hepliaklqana
Kikubaaqudgha
Nemelex Xobeh
Okawaru
Ru
Trog
Vehumet
Xom
The Shining One

Shops:
D:4 [   D:5 }

Annotations:
D:6 Prince Ribbit


Innate Abilities, Weirdness & Mutations

You reflexively headbutt those who attack you in melee.
You have a pair of horns on your head.
Your skin changes colour to match your surroundings (Stealth+).
You are agile. (Dex +2)
You are frail. (-10% HP)


Message History

The orc wizard mumbles some strange words.
The orc wizard blinks!
The orc hits you but does no damage.
You closely miss the orc. The orc completely misses you.
You furiously retaliate!
You headbutt the orc. You hit the orc.
You kill the orc!
Okawaru accepts your kill.
You hit the orc priest but do no damage.
The orc priest hits you but does no damage.
The orc wizard mumbles some strange words.
The orc wizard blinks!
Unknown command.
It was a potion of brilliance.
You feel clever all of a sudden. You block the orc priest's attack.
Unknown command.
You gain the combat prowess of a mighty hero.
The orc priest mumbles some strange prayers to Beogh against you.
Beogh smites you!
You die...

.. #######.. .........
############## #........
#............# #........
#..o.........# #......#
.?.........o.####......#
...............o@(.....+
#............####......#
#............# #......#
#............# #......#
#........[...# #......####
...........!.# ########...#
.............###########.#.#
...........[†............#.#
..)..................##..#.#


You could see an orc priest and an orc wizard.

Vanquished Creatures
  Grinder (D:6)
  A hornet (D:7)
  A hungry ghost (D:6)
  An orc warrior (D:7)
  2 phantoms
  3 sky beasts
  An ogre (D:4)
  A necrophage (D:7)
  A wolf (D:4)
  2 centaurs
  A bullfrog (D:6)
  A wyvern zombie (D:4)
  4 gnoll sergeants
  4 scorpions
  A howler monkey (D:4)
  3 crimson imps (D:5)
  A bullfrog zombie (D:7)
  4 hounds
  A centaur skeleton (D:5)
  An orc priest (D:6)
  4 gnoll shamans
  A jelly (D:5)
  2 orc wizards
  4 worker ants
  38 gnolls
  4 adders
  2 oozes (D:4)
  An adder skeleton (D:7)
  5 worms (D:3)
  3 leopard geckos
  11 orcs
  8 bats
  4 giant cockroaches
  5 goblins
  8 hobgoblins
  16 jackals
  7 quokkas
  4 ball pythons
  2 frilled lizards
  9 kobolds
  5 leopard gecko skeletons
  A quokka skeleton (D:7)
  11 rats
190 creatures vanquished.

Vanquished Creatures (others)
  A human (D:4)
1 creature vanquished.

Grand Total: 191 creatures vanquished

Notes
Turn   | Place    | Note
-------+----------+-------------------------------------------
     0 | D:1      | Peloso the Minotaur Fighter began the quest for the Orb.
     0 | D:1      | Reached XP level 1. HP: 19/19 MP: 0/0
   141 | D:1      | Reached XP level 2. HP: 13/27 MP: 1/1
  1415 | D:2      | Reached XP level 3. HP: 32/33 MP: 2/2
  2137 | D:3      | Reached skill level 1 in Dodging
  2137 | D:3      | Reached XP level 4. HP: 27/40 MP: 3/3
  2623 | D:3      | Reached XP level 5. HP: 19/47 MP: 4/4
  3173 | D:3      | You fall into a shaft and drop 3 floors!
  3181 | D:6      | Reached skill level 5 in Shields
  3200 | D:6      | Reached skill level 5 in Armour
  3291 | D:6      | Reached XP level 6. HP: 42/53 MP: 5/5
  3344 | D:6      | Noticed a sky beast
  3377 | D:6      | Killed a sky beast
  3664 | D:5      | Entered Level 5 of the Dungeon
  3678 | D:4      | Reached skill level 5 in Long Blades
  3861 | D:5      | Reached XP level 7. HP: 60/60 MP: 6/6
  3889 | D:4      | Reached skill level 5 in Fighting
  3980 | D:4      | Got a shimmering war axe
  3981 | D:4      | Identified the +9 war axe of Contradiction {flame, +Fly}
                  | (You found it on level 4 of the Dungeon)
  4371 | D:4      | Found Teikio's Armour Shoppe.
  4875 | D:4      | Found an ancient bone altar of Kikubaaqudgha.
  4875 | D:4      | Noticed a human
  4879 | D:4      | Killed a human
  4925 | D:4      | Reached XP level 8. HP: 69/69 MP: 7/7
  5134 | D:3      | Gained mutation: You are agile. (Dex +2) [potion of
                  | mutation]
  5134 | D:3      | Gained mutation: You are frail. (-10% HP) [potion of
                  | mutation]
  5134 | D:3      | Gained mutation: Your skin changes colour to match your
                  | surroundings (Stealth+). [potion of mutation]
  5163 | D:5      | Found a bloodstained altar of Trog.
  5586 | D:5      | Found Ovveof's Gadget Emporium.
  5906 | D:4      | Reached XP level 9. HP: 8/69 MP: 8/8
  6483 | D:6      | Noticed Prince Ribbit
  6666 | D:6      | Noticed Grinder
  6678 | D:6      | Paralysed by Grinder for 5 turns
  6695 | D:6      | Killed Grinder
  6719 | D:6      | Found a glowing golden altar of the Shining One.
  6853 | D:7      | Found a staircase to the Ecumenical Temple.
  6864 | Temple   | Entered the Ecumenical Temple
  6935 | Temple   | Became a worshipper of Warmaster Okawaru
  7027 | D:7      | Paralysed by a hornet for 1 turns
  7181 | D:7      | Reached * piety under Okawaru
  7205 | D:7      | Killed from afar by an orc priest

Levels and vault maps discovered:
D:1:      eino_arrival_druids_welcome, layout_basic
D:2:      layout_loops_corners, minmay_misc_feat_cross, minmay_crystal_water
D:3:      minmay_chambers_of_threes, layout_basic, first_ration
D:4:      layout_loops_ring, serial_shops, shop, tgw_kikubaaqudgha
D:5:      layout_cave_pools, serial_gnoll_camp, gnoll_camp_medium_02,
          gnoll_camp_huts_moat, gnoll_camp_medium_01, gnoll_camp_mini_shop,
          gnoll_camp_mini_hut, bloody_trog
D:6:      layout_loops_ring, tso_oasis_becter, uniq_grinder, uniq_prince_ribbit1
D:7:      layout_basic, yredelemnul_altar_generic, minmay_temple_entry_crystal_x
Temple:   dpeg_five_rooms_temple

Skill      XL: |  1  2  3  4  5  6  7  8  9 |
---------------+----------------------------+-----
Shields        | 4 5 6 8 9 |  9.2
Armour         | 4 5 6 7 8 |  8.1
Long Blades    | 3 4 5 7 8 9 |  9.9
Dodging        | 1 2 |  2.8
Fighting       | 4 5 6 7 |  7.3
Stealth        | |  0.3
Evocations     | |  0.2

Action                   |  1- 3 |  4- 6 |  7- 9 || total
-------------------------+-------+-------+-------++-------
Melee: Long sword        |    97 |   202 |   391 ||   690
       Headbutt          |    15 |    32 |    79 ||   126
       War axe           |       |       |     3 ||     3
Invok: Heroism           |       |       |     1 ||     1
Evoke: Wand              |       |       |     2 ||     2
  Use: Potion            |     4 |       |     3 ||     7
       Scroll            |       |     1 |       ||     1
  Eat: Chunk             |     4 |     6 |     6 ||    16
       Ration            |       |       |     2 ||     2
Armor: Scale mail        |    57 |     3 |       ||    60
       Chain mail        |       |   129 |   153 ||   282
Dodge: Dodged            |    29 |    58 |   110 ||   197
Block: Shield            |    61 |   134 |   301 ||   496
       Rpst.: Long sword |    11 |     8 |    31 ||    50
